 Dungeon Crawl Stone Soup version 0.26-b1-32-g5d43845318 (webtiles) character file.

Game seed: 4613666617915294211

39 Sekiam the Sneak (level 3, -7/18 HPs)
             Began as a Spriggan Brigand on Jan 11, 2021.
             Splashed by Ijyb's acid (10 damage)
             ... on level 3 of the Dungeon on Jan 12, 2021.
             The game lasted 00:06:09 (1645 turns).

Sekiam the Sneak (Spriggan Brigand)                 Turns: 1645, Time: 00:06:12

Health: -7/18      AC: -1    Str:  7    XL:     3   Next: 28%
Magic:  4/4        EV: 17    Int: 12    God:
Gold:   78         SH:  0    Dex: 18    Spells: 2/2 levels left

rFire    . . .     SeeInvis +   i - +4 dagger
rCold    . . .     Faith    .   (shield restricted)
rNeg     . . .     Spirit   .   b - +0 robe
rPois    .         Reflect  .   (helmet restricted)
rElec    .         Harm     .   c - +0 cloak
rCorr    .         Rampage  .   (gloves unavailable)
Will     .....                  (boots unavailable)
Stlth    ++++......             (no amulet)
HPRegen  0.06/turn              (no ring)
MPRegen  0.09/turn              (no ring)

@: corroded, very quick
A: very small, unfitting armour, see invisible, speed 3
a: no special abilities


You were on level 3 of the Dungeon.
You visited 1 branch of the dungeon, and saw 3 of its levels.

You collected 78 gold pieces.

Inventory:

Hand Weapons
 a - a +2 dagger
 h - a +3 short sword of distortion
 i - a +4 dagger (weapon)
Missiles
 d - 8 poisoned darts (quivered)
 e - 2 curare-tipped darts
Armour
 b - a +0 robe (worn)
 c - a +0 cloak (worn)
Scrolls
 f - a scroll of amnesia {unknown}
 g - 2 scrolls of teleportation {unknown}
 j - a scroll of remove curse {unknown}
 m - a scroll of noise {unknown}
 p - a scroll of enchant armour {unknown}
 q - a scroll of magic mapping {unknown}
Potions
 k - a potion of curing {unknown}
 l - a potion of might {unknown}
 n - 2 potions of degeneration {unknown}
 o - a potion of magic {unknown}


   Skills:
 + Level 1.9 Fighting
 + Level 2.6 Short Blades
 + Level 2.0 Throwing
 + Level 1.8 Dodging
 + Level 7.0 Stealth


You had 2 spell levels left.
You didn't know any spells.
Your spell library was empty.

Dungeon Overview and Level Annotations

Branches:
Dungeon (3/15)

Altars:

Annotations:
D:3 Ijyb


Innate Abilities, Weirdness & Mutations

You are very small and have problems with some larger weapons.
You are too small for most types of armour.
You have supernaturally acute eyesight. (SInv)
You cover ground extremely quickly.


Message History

You closely miss Ijyb.
Ijyb is lightly wounded.
Ijyb closely misses you.
You hit Ijyb.
Ijyb is moderately wounded.
Ijyb screams, "Me very upset!"
Ijyb barely misses you.
You hit Ijyb.
Ijyb is moderately wounded.
Ijyb completely misses you.
You barely miss Ijyb.
Ijyb is moderately wounded.
You hit Ijyb.
Ijyb is heavily wounded.
Ijyb zaps a wand.
The bolt of acid hits you!
Ouch! That really hurt!
* * * LOW HITPOINT WARNING * * *
The acid corrodes you!
You are splashed with acid!
Ouch! That really hurt!
You die...

.#. .##.#
..>? ... ...
..( ... ...
#.# #.# ..#
#.# ##.# #.#
##..# #<#
#@#.#####.#
#g##.<.....#
#! ####.####
.. ...# ##.
##..# #.
#..# #. #..#
#. .>.. #..#


You could see Ijyb.

Vanquished Creatures
  A dart slug (D:1)
  A leopard gecko (D:2)
  7 bats
  A giant cockroach (D:2)
  2 goblins
  7 hobgoblins
  2 jackals (D:2)
  4 kobolds (D:1)
  6 frilled lizards
  2 rats (D:1)
33 creatures vanquished.

Notes
Turn   | Place    | Note
-------+----------+-------------------------------------------
     0 | D:1      | Sekiam the Spriggan Brigand began the quest for the Orb.
     0 | D:1      | Reached XP level 1. HP: 10/10 MP: 2/2
    54 | D:1      | Reached skill level 6 in Stealth
   407 | D:1      | Reached XP level 2. HP: 12/15 MP: 3/3
  1055 | D:2      | Reached XP level 3. HP: 18/18 MP: 4/4
  1145 | D:2      | Reached skill level 7 in Stealth
  1636 | D:3      | Noticed Ijyb
  1645 | D:3      | Splashed by Ijyb's acid

Illustrated notes

Levels and vault maps discovered:
D:1:      dpeg_arrival_rooms_a, layout_rooms, st_stairs_2
D:2:      layout_loops_corners
D:3:      layout_loops_ring, dk_noncrumbling_3, patterned_corridor, uniq_ijyb,
          uniq_grinder

Skill      XL: |  1  2  3 |
---------------+----------+-----
Stealth        | 6 7 |  7.0
Fighting       | |  1.9
Short Blades   | |  2.6
Throwing       | |  2.0
Dodging        | |  1.8

Action                   || total
-------------------------++-------
Melee: Dagger            ||    78
       Short sword       ||     4
 Stab: Sleeping          ||    11
       Distracted        ||     1
Armor: Robe              ||     9
Dodge: Dodged            ||    62
